 Dungeon Crawl Stone Soup version 0.31.0-9-g3a7656b989 (webtiles) character file.

Game seed: 5859878362671920383

32 qw the Shooter (level 3, 0/20 HPs)
             Began as a Deep Elf Hunter on Feb 2, 2024.
             Succumbed to an adder's poison
             ... on level 2 of the Dungeon.
             The game lasted 00:00:03 (1000 turns).

qw the Shooter (Deep Elf Hunter)                    Turns: 1000, Time: 00:00:04

Health: 0/20       AC:  6    Str: 10    XL:     3   Next: 10%
Magic:  5/5        EV: 11    Int: 13    God:
Gold:   90         SH:  0    Dex: 18    Spells: 2/2 levels left

rFire   . . .        a - +0 shortbow
rCold   . . .        (shield currently unavailable)
rNeg    . . .        g - +1 ring mail
rPois   .            (no helmet)
rElec   .            (no cloak)
rCorr   .            (no gloves)
SInv    .            (no boots)
Will    .....        (no amulet)
Stlth   +            (no ring)
HPRegen 0.23/turn    (no ring)
MPRegen 0.09/turn

%: no passive effects
@: lethally poisoned (0 -> -6)
A: no striking features
a: no special abilities


You were on level 2 of the Dungeon.
You visited 1 branch of the dungeon, and saw 2 of its levels.

You collected 90 gold pieces.


   Skills:
 - Level 1.5 Fighting
 + Level 6.7 Ranged Weapons
 - Level 2.4 Dodging
 - Level 1.2 Stealth


You had 2 spell levels left.
You didn't know any spells.
Your spell library was empty.

Inventory:

Hand Weapons
 a - a +0 shortbow (weapon)
Armour
 g - a +1 ring mail (worn)
Potions
 d - a potion of enlightenment
 l - a potion of invisibility {unknown}

Dungeon Overview and Level Annotations

Branches:
Dungeon (2/15)

Altars:


Message History

You shoot an arrow. The arrow misses the adder.
The adder bites you but does no damage. The ball python barely misses you.
The ball python grabs you. The ball python constricts you.
The adder closely misses you.
You shoot an arrow.
The arrow barely misses the ball python.
The adder bites you. The ball python bites you. The ball python constricts you.
You shoot an arrow.
The arrow barely misses the ball python.
The adder bites you but does no damage. The ball python completely misses you.
The ball python constricts you. The adder bites you.
The ball python bites you but does no damage.
The ball python constricts you.
You shoot an arrow. The arrow hits the ball python!
You kill the ball python!
The adder bites you.
You are poisoned.
The adder poisons you!
The ball python bites you but does no damage.
The ball python barely misses you. The adder bites you but does no damage.
You shoot an arrow. The arrow barely misses the adder.
You feel sick. The ball python barely misses you. The ball python grabs you.
The ball python constricts you. The adder bites you but does no damage.
You shoot an arrow. The arrow hits the ball python!
You kill the ball python!
You feel sick. The adder barely misses you.
You shoot an arrow. The arrow barely misses the adder.
You feel sick. The adder barely misses you. The adder closely misses you.
You shoot an arrow. The arrow hits the adder.
The adder is moderately wounded.
You feel sick. The adder closely misses you. The adder bites you.
You are lethally poisoned!
The adder poisons you!
You shoot an arrow. The arrow hits the adder.
The adder is moderately wounded.
You feel very sick. The adder bites you.
You shoot an arrow. The arrow hits the adder.
The adder is severely wounded.
You die...

##### ..#P
#...## ....P
#### P..P
#..## ..##
#...##%.P#
#....@S.#
#...#####
#.<.# #...#
.....#
......#.
........#..
........#...
.....[..+...#


You could see an adder.

Vanquished Creatures
  8 ball pythons
  3 bats (D:1)
  A giant cockroach (D:1)
  4 goblins (D:1)
  2 hobgoblins (D:1)
  6 kobolds (D:1)
  2 quokkas (D:1)
  2 frilled lizards (D:1)
  A rat (D:1)
29 creatures vanquished.

Notes
Turn   | Place    | Note
-------+----------+-------------------------------------------
     0 | D:1      | qw the Deep Elf Hunter began the quest for the Orb.
     0 | D:1      | Reached XP level 1. HP: 12/12 MP: 3/3
     0 | D:1      | 0 ||| qw: Version: 0.3-a-155-g5e7d8dd
     0 | D:1      | 0 ||| qw: Game counter: 2471
     0 | D:1      | 0 ||| qw: Melee chars always use a shield: true
     0 | D:1      | 0 ||| qw: God list: Okawaru
     0 | D:1      | 0 ||| qw: Allow faded altars: false
     0 | D:1      | 0 ||| qw: Do Orc after clearing Dungeon:15 true
     0 | D:1      | 0 ||| qw: Do second Lair branch before Depths: true
     0 | D:1      | 0 ||| qw: Lair rune preference: random
     0 | D:1      | 0 ||| qw: Goals: Normal
     0 | D:1      | 0 ||| PLANNING D:1-11
   106 | D:1      | Reached XP level 2. HP: 16/16 MP: 4/4
   107 | D:1      | Reached skill level 6 in Ranged Weapons
   498 | D:1      | Reached XP level 3. HP: 20/20 MP: 5/5
   829 | D:1      | 829 ||| UPGRADING to +0 ring mail.
   839 | D:1      | 839 ||| DROPPING +0 leather armour.
   840 | D:1      | 840 ||| DROPPING +6 ring of intelligence.
   841 | D:1      | 841 ||| READING scroll labelled REDOGGOMULU.
   841 | D:1      | 841 ||| IDENTIFYING golden potion
   842 | D:1      | 842 ||| READING scroll labelled OGRIDE CAON.
   943 | D:1      | 943 ||| READING scroll labelled GICOVU HAOD.
   944 | D:1      | 944 ||| READING scroll labelled ENWUTY HESTRUEMUWK.
   948 | D:1      | 948 ||| READING scroll labelled NIF LEPSITE.
   948 | D:1      | 948 ||| ENCHANTING +0 ring mail.
   949 | D:1      | 949 ||| DROPPING scroll of butterflies.
   998 | D:2      | HP: 5/20 [adder (1)]
   999 | D:2      | HP: 2/20 [poisoned by an adder]
  1000 | D:2      | Succumbed to an adder's poison

Levels and vault maps discovered:
D:1:      nicolae_arrival_memento_mori, layout_basic, minmay_pentomino_x2
D:2:      minmay_chambers_of_ones, layout_basic, basic_ecumenical_altar,
          minmay_shallow_snake_nest

Skill      XL: |  1  2 |
---------------+-------+-----
Ranged Weapons | 6 |  6.7
Fighting       | |  1.5
Dodging        | |  2.4
Stealth        | |  1.2

Action                     || total
---------------------------++-------
   Fire: Shortbow          ||   108
    Use: Scroll            ||     5
 Armour: Leather armour    ||    17
         Ring mail         ||    16
  Dodge: Dodged            ||    43

Table legend:
 A = Non-vault XP
 B = Vault XP
 C = Vault XP percentage of total XP
 D = Non-vault monster count
 E = Vault monster count
 F = Vault count percentage of total count
                 A         B        C        D         E       F
            +---------+---------+-------+---------+---------+-------
      Total |      39 |       8 |  17.0 |      24 |       5 |  17.2
            +---------+---------+-------+---------+---------+-------
        D:1 |      39 |       3 |   7.1 |      24 |       2 |   7.7
        D:2 |       0 |       5 | 100.0 |       0 |       3 | 100.0
            +---------+---------+-------+---------+---------+-------
